 Dungeon Crawl Stone Soup version 0.28.0-45-g0d030f2227 (webtiles) character file.

Game seed: 14207671890049378956

3028 CryoSword the Agent of Entropy (level 9, -6/69 HPs)
             Began as a Demonspawn Abyssal Knight on Apr 19, 2022.
             Was a Priest of Lugonu.
             Killed by refrigeration
             ... invoked by Fannar
              (35 damage)
             ... on level 10 of the Dungeon.
             The game lasted 00:11:17 (6869 turns).

CryoSword the Agent of Entropy (DsAK)               Turns: 6869, Time: 00:11:17

Health: -6/69      AC:  4    Str: 15    XL:     9   Next: 56%
Magic:  15/15      EV: 17    Int: 13    God:    Lugonu [***...]
Gold:   261        SH:  5    Dex: 15    Spells: 8/8 levels left

rFire   . . .      SeeInvis .   a - +1 falchion
rCold   . . .      Faith    .   (no shield)
rNeg    . . .      Spirit   .   n - +0 troll leather armour {Pargi}
rPois   .          Reflect  +   (helmet restricted)
rElec   .          Harm     .   (no cloak)
rCorr   .          Rampage  .   (no gloves)
Will    +....                   (no boots)
Stlth   +.........              v - amulet of reflection
HPRegen 1.01/turn               c - ring of willpower
MPRegen 0.14/turn               i - +4 ring of evasion

@: hasted, very quick
A: hooves 1, horns 2, demonic guardian 1, spiny 1, demonic touch 1
a: Renounce Religion, Depart the Abyss, Bend Space, Banish


You were on level 10 of the Dungeon.
You worshipped Lugonu.
Lugonu was most pleased with you.
You visited 1 branch of the dungeon, and saw 10 of its levels.
You visited the Abyss 1 time.
You also visited: Sewer.

You collected 293 gold pieces.
You spent 32 gold pieces at shops.

Inventory:

Hand Weapons
 a - a +1 falchion (weapon)
 A - a +2 whip of venom
   (You found it on level 5 of the Dungeon)
Missiles
 h - 9 poisoned darts
 o - 7 boomerangs
Armour
 n - a +0 troll leather armour (worn) {Pargi}
   (You found it in a sewer)
Jewellery
 c - a ring of willpower (left hand)
   (You found it on level 1 of the Dungeon)
 i - a +4 ring of evasion (right hand)
   (You found it on level 1 of the Dungeon)
 r - a ring of fire
   (You found it on level 2 of the Dungeon)
 v - an amulet of reflection (around neck)
   (You found it on level 3 of the Dungeon)
 B - a ring of wizardry
   (You found it on level 5 of the Dungeon)
Wands
 w - a wand of flame (57)
   (You found it on level 3 of the Dungeon)
 y - a wand of iceblast (7)
   (You found it on level 5 of the Dungeon)
Scrolls
 b - a scroll of enchant armour {unknown}
 f - 3 scrolls of immolation {!r}
 g - a scroll of enchant weapon {unknown}
 j - a scroll of blinking {unknown}
 k - a scroll of holy word {unknown}
 x - 3 scrolls of teleportation {@r4}
 D - a scroll of fog {unknown}
 E - 2 scrolls of magic mapping
 F - a scroll of vulnerability {!r}
Potions
 d - 3 potions of curing {@q1}
 e - a potion of degeneration {unknown}
 l - 2 potions of invisibility
 m - a potion of brilliance {unknown}
 p - 2 potions of heal wounds {@q2}
 q - a potion of flight {unknown}
 s - a potion of haste {@q3}
 u - a potion of attraction {unknown}
 z - 2 potions of might
 C - a potion of resistance {unknown}


   Skills:
 + Level 5.7 Fighting
 * Level 5.8 Long Blades
 - Level 0.4 Polearms
 + Level 4.6 Armour
 + Level 4.2 Dodging
 + Level 4.4 Unarmed Combat
 * Level 9.2 Invocations


You had 8 spell levels left.
You didn't know any spells.
Your spell library was empty.

Dungeon Overview and Level Annotations

Branches:
Dungeon (11/15)            Temple (0/1) D:7           Sewer (visited)
   Lair: D:8-11         Orc: D:9-12

Altars:
Ashenzari
Hepliaklqana
Kikubaaqudgha
Qazlal
Uskayaw
Vehumet
Wu Jian
Xom

Shops:
D:3 :   D:6 *

Annotations:
D:10 Fannar


Innate Abilities, Weirdness & Mutations

You have large cloven feet.
You have a pair of horns on your head.
A weak demonic guardian rushes to your aid.
You are partially covered in sharp spines.
Your touch may inflict minor irresistible damage on your foes.


Message History

Could not explore, unopened door.
Could not explore, unopened door.
You open the door.
There is an open door here.
Could not explore, unopened door.
Could not explore, unopened door.
As you open the door, it creaks loudly!
There is an open door here.
Found a robe.
Found a stone staircase leading up.
A sourceless malevolence fills the Dungeon...
You fall into a shaft and drop 3 floors!
The shaft crumbles and collapses.
You hear a distant snort.
Hark!
There is a gateway to a gauntlet on this level.
Find the entrance quickly before the gate is sealed!
Could not explore, unopened door.
You open the door.
Found a stone staircase leading up.
There is an open door here.
Found a stone staircase leading up.
There is a stone staircase leading up here.
A troll comes into view.
There is a stone staircase leading up here.
You block the troll's attack. The troll barely misses you.
The troll completely misses you.
You climb upwards.
Found 18 stones.
There is a stone staircase leading down here.
You barely miss the troll. Your kick misses the troll.
The troll is struck by your spines. The troll closely misses you.
The troll claws you but does no damage. The troll claws you!
A demonic guardian appears!
You completely miss the troll. You headbutt the troll.
You touch the troll.
The troll bites you! The troll claws you. The troll closely misses you.
You hit the troll. You kick the troll, but do no damage.
You touch the troll.
Your quasit barely misses the troll.
Your quasit claws the troll but does no damage. x2
You block the troll's attack. The troll claws you! The troll barely misses you.
You closely miss the troll. You headbutt the troll.
Your quasit barely misses the troll. x3; The troll is struck by your spines.
The troll bites you!
* * * LOW HITPOINT WARNING * * *
The troll claws you.
* * * LOW HITPOINT WARNING * * *
You block the troll's attack.
Your quasit bites the troll but does no damage.
Your quasit closely misses the troll.
Your quasit claws the troll.
Your quasit bites the troll but does no damage.
Your quasit closely misses the troll.
Your quasit claws the troll but does no damage.
The troll completely misses your quasit.
The troll closely misses your quasit. The troll claws your quasit!
A black bear comes into view.
The black bear growls angrily.
You hear a shout!
A bullfrog comes into view.
Your quasit bites the troll.
Your quasit claws the troll but does no damage. x2
The troll closely misses your quasit. The troll barely misses your quasit.
The troll claws your quasit!
Your quasit dies!
Your quasit disappears in a puff of smoke!
The black bear bites the plant!
The plant begins to die.
The black bear claws the plant. x2; The bullfrog moves out of view.
The black bear bites the plant.
The plant begins to die.
The black bear claws the plant. x2
A scorpion comes into view.
The black bear bites the plant.
The black bear claws the plant. x2
A komodo dragon comes into view.
Found a cyan potion.
The komodo dragon hisses angrily.
The black bear bites the plant.
The black bear claws the plant. x2
The scorpion stings the plant.
The plant begins to die.
A troll comes into view.
The troll shouts!
A nearby plant withers and dies.
The black bear bites the plant.
The plant begins to die.
The black bear claws the plant. x2
A nearby plant withers and dies.
The scorpion stings the plant.
The troll is struck by your spines. The troll misses you. The troll claws you.
* * * LOW HITPOINT WARNING * * *
The troll claws you but does no damage.
The black bear bites the plant.
The black bear claws the plant. x2
You hit the troll but do no damage. Your kick misses the troll.
Your headbutt misses the troll.
The scorpion stings the plant!
The troll closely misses you. The troll claws you!
* * * LOW HITPOINT WARNING * * *
The troll claws you.
* * * LOW HITPOINT WARNING * * *
A nearby plant withers and dies.
Something stings the fungus!
The fungus begins to die.
The troll bites you!
* * * LOW HITPOINT WARNING * * *
A demonic guardian appears!
The troll misses you. x2
A nearby plant withers and dies.
Your iron imp barely misses the troll.
Your iron imp hits the troll.
There is a stone staircase leading down, spattered with blood here.
You can't go up here!
The troll barely misses you. The troll claws you.
* * * LOW HITPOINT WARNING * * *
The troll closely misses you.
Your iron imp hits the komodo dragon but does no damage.
You climb downwards.
You hear a distant snort.
Hark!
There is a gateway to a gauntlet on this level.
Find the entrance quickly before the gate is sealed!
There is a stone staircase leading up here.
Unknown command.
There is an open door here.
Aim: a troll (heavily wounded, chance to affect: 85%)
The troll is devoured by a tear in reality.
Lugonu claims a new guest.
You hear the beating of a very distant drum.
There is an open door here.
There is a stone staircase leading up here.
There is a stone staircase leading up here.
You start resting.
You start resting.
You climb upwards.
Found a scroll of teleportation and a scroll labelled GOOZEO PYLATUL.
There is a stone staircase leading down here.
x - 3 scrolls of teleportation {@r4} (gained 1)
k - a scroll labelled GOOZEO PYLATUL You open the door.
There is an open door here.
Could not explore, unopened door.
You open the door.
There is an open door here.
Could not explore, unopened door.
Could not explore, unopened door.
You open the door.
Fannar the Cold-Hearted comes into view.
They are wielding a +0 quarterstaff of freezing and wearing a +2 robe of cold resistance.
Fannar shouts!
Found 15 gold pieces and 21 stones.
You feel yourself speed up.
You hit Fannar. You kick Fannar, but do no damage. Your touch misses Fannar.
Fannar gestures wildly while chanting.
You hit Fannar but do no damage. Your touch misses Fannar.
Fannar casts a spell at you. The bolt of cold hits you!!
You slash Fannar! You headbutt Fannar. You miss Fannar.
Your kick misses Fannar. You headbutt Fannar! Fannar is struck by your spines.
Fannar hits you with a +0 quarterstaff of freezing!
* * * LOW HITPOINT WARNING * * *
A demonic guardian appears!
Fannar freezes you.
* * * LOW HITPOINT WARNING * * *
You closely miss Fannar. You kick Fannar, but do no damage.
Your punch misses Fannar.
Fannar brushes some snowflakes from their robe.
Fannar casts a spell.
Fannar drains the heat from the surrounding environment!
Ouch! That really hurt!
You die...

## ... ....
#####+#### .....
#........#
$.....######........#
.....Ye@5.##........#
......###..'........#
..(.. ####........#
.... #........# +##
#........# ####'#####
#.# #.# ###.#


You could see Fannar (ally target), an ice beast (summoned) and a friendly
ufetubus (summoned).

Vanquished Creatures
  Duvessa (D:7)
  4 water moccasins
  Pargi (Sewer)
  A hornet zombie (D:5)
  A sky beast (D:8)
  A black bear (D:6)
  An ogre (D:5)
  A necrophage (D:5)
  A centaur (D:5)
  2 phantoms (D:6)
  A bullfrog (D:6)
  3 scorpions
  A wyvern zombie (D:7)
  Dowan (D:7)
  8 wights
  A centaur zombie (D:7)
  4 hounds
  An orc priest (D:5)
  2 centaur skeletons (D:5)
  Jessica (D:3)
  2 iguanas
  Natasha (thrice) (D:3)
  2 orc wizards (D:6)
  A howler monkey skeleton (D:7)
  5 adders
  An ufetubus (D:6)
  An adder skeleton (D:4)
  3 worms
  2 dart slugs
  13 orcs
  8 ball pythons
  3 endoplasms
  5 giant cockroaches
  4 goblins
  9 hobgoblins
  2 jackals (D:3)
  4 kobolds
  3 quokkas
  9 bats
  3 frilled lizards
  A jackal skeleton (D:4)
  3 rats
124 creatures vanquished.

Vanquished Creatures (collateral kills)
  An iguana (D:5)
  2 goblins
  A bat (D:1)
4 creatures vanquished.

Vanquished Creatures (others)
  6 fungi (D:10)
  7 plants
13 creatures vanquished.

Grand Total: 141 creatures vanquished

Notes
Turn   | Place    | Note
-------+----------+-------------------------------------------
     0 | Abyss:1  | CryoSword the Demonspawn Abyssal Knight began the quest for
                  | the Orb.
     0 | Abyss:1  | Reached XP level 1. HP: 18/18 MP: 2/2
    18 | D:1      | Escaped the Abyss
   116 | D:1      | Reached skill level 1 in Dodging
   288 | D:1      | Gained mutation: A weak demonic guardian rushes to your
                  | aid. [demonic ancestry]
   288 | D:1      | Reached XP level 2. HP: 24/24 MP: 4/4
   296 | D:1      | Reached skill level 3 in Invocations
   947 | D:2      | Discovered your monstrous ancestry.
   947 | D:2      | Gained mutation: You have a pair of small horns on your
                  | head. [demonic ancestry]
   947 | D:2      | Reached XP level 3. HP: 26/29 MP: 5/5
  1785 | D:2      | Found a faded altar of an unknown god.
  1819 | D:3      | Found a glowing drain.
  1840 | Sewer    | Entered a sewer
  1864 | Sewer    | Reached ** piety under Lugonu
  1989 | Sewer    | Noticed Pargi
  2002 | Sewer    | Killed Pargi
  2003 | Sewer    | Reached skill level 1 in Unarmed Combat
  2003 | Sewer    | Reached skill level 4 in Invocations
  2003 | Sewer    | Gained mutation: Your touch may inflict minor irresistible
                  | damage on your foes. [demonic ancestry]
  2003 | Sewer    | Reached XP level 4. HP: 35/35 MP: 5/7
  2003 | Sewer    | Reached XP level 5. HP: 41/41 MP: 5/8
  2204 | D:3      | Noticed Natasha
  2212 | D:3      | Killed Natasha
  2246 | D:3      | Noticed Natasha
  2257 | D:3      | Killed Natasha
  2304 | D:3      | Found a stormy altar of Qazlal.
  2304 | D:3      | Found a shimmering altar of Xom.
  2304 | D:3      | Found an ancient bone altar of Kikubaaqudgha.
  2304 | D:3      | Found a hide-covered altar of Uskayaw.
  2390 | D:3      | Found Zysicyunt's Book Shoppe.
  2466 | D:3      | Noticed Jessica
  2471 | D:3      | Killed Jessica
  2591 | D:3      | Noticed Natasha
  2599 | D:3      | Killed Natasha
  2600 | D:3      | Reached XP level 6. HP: 40/48 MP: 9/9
  3089 | D:4      | Reached skill level 5 in Invocations
  3222 | D:4      | Identified the +1 ring mail "Watuf" {rC+ MP+9 Int-2}
  3250 | D:4      | Found a broken altar of Ashenzari.
  3854 | D:5      | Entered Level 5 of the Dungeon
  3932 | D:5      | Noticed a water moccasin
  3941 | D:5      | Killed a water moccasin
  3942 | D:5      | Gained mutation: You have a pair of horns on your head.
                  | [demonic ancestry]
  3942 | D:5      | Reached XP level 7. HP: 27/54 MP: 11/11
  4003 | D:5      | Reached skill level 6 in Invocations
  4657 | D:5      | Gained mutation: You are partially covered in sharp spines.
                  | [demonic ancestry]
  4657 | D:5      | Reached XP level 8. HP: 31/61 MP: 13/13
  4702 | D:6      | Reached *** piety under Lugonu
  4750 | D:6      | Reached skill level 7 in Invocations
  4750 | D:6      | Found a radiant altar of Vehumet.
  4935 | D:6      | Found an ornate altar of the Wu Jian Council.
  5123 | D:6      | Found Huwui's CLEARANCE SALE!.
  5131 | D:6      | Bought a scroll of magic mapping for 10 gold pieces
  5131 | D:6      | Bought a scroll of vulnerability for 22 gold pieces
  5229 | D:6      | Reached skill level 5 in Fighting
  5390 | D:7      | Found a staircase to the Ecumenical Temple.
  5535 | D:6      | Reached skill level 8 in Invocations
  5791 | D:7      | Reached skill level 5 in Long Blades
  5791 | D:7      | Gained mutation: You have large cloven feet. [demonic
                  | ancestry]
  5791 | D:7      | Reached XP level 9. HP: 63/68 MP: 15/15
  6196 | D:7      | Noticed Duvessa
  6196 | D:7      | Noticed Dowan
  6214 | D:7      | Killed Duvessa
  6215 | D:7      | Killed Dowan
  6473 | D:7      | Found a hazy altar of Hepliaklqana.
  6588 | D:8      | Reached skill level 9 in Invocations
  6735 | D:8      | You fall into a shaft and drop 3 floors!
  6749 | D:11     | Noticed a troll
  6753 | D:10     | Entered Level 10 of the Dungeon
  6762 | D:10     | Noticed a komodo dragon
  6763 | D:10     | Noticed a troll
  6782 | D:11     | Banished a troll
  6863 | D:10     | Noticed Fannar
  6869 | D:10     | Killed from afar by Fannar

Illustrated notes

Levels and vault maps discovered:
D:1:      dpeg_arrival_arbitrary_b, layout_basic, serial_forest,
          infiniplex_forest_clump_small, infiniplex_forest_lined_room_2,
          infiniplex_forest_lined_corner, infiniplex_forest_lined_room_,
          infiniplex_forest_clump_double
D:2:      minmay_evil_eye, layout_loops_ring, nicolae_ecumenical_lake_church,
          hangedman_feature_mirror
D:3:      layout_basic, chequers_temple_overflow_statue_of_worship,
          cheibrodos_sewer_entry_drain, serial_shops, nicolae_square_shop,
          uniq_jessica, uniq_natasha
D:4:      layout_basic, nicolae_ashenzari_skybound
D:5:      layout_basic
D:6:      layout_basic, general_overflow_altar,
          mainiacjoe_overflow_concentric_impassable, nicolae_shop_clearance
D:7:      layout_basic, nicolae_hepliaklqana_hippocampus,
          minmay_temple_entry_ruins, uniq_duvessa
D:8:      layout_gridville, cheibriados_altar_1, hangedman_incinerator
D:10:     layout_roguey, mainiacjoe_overflow_small_starburst,
          grunt_lair_entry_orc_guard_hut, special_room [special_room_orc],
          minmay_misc_feat_ornament, uniq_snorg, uniq_fannar, uniq_harold
D:11:     layout_loops_corners, gauntlet_entry_generic, uniq_erolcha

Skill      XL: |  1  2  3  4  5  6  7  8  9 |
---------------+----------------------------+-----
Dodging        | 1 2 3 4 |  4.2
Long Blades    | 2 3 5 |  5.8
Invocations    | 3 4 5 6 8 9 |  9.2
Armour         | 2 3 4 |  4.6
Unarmed Combat | 1 2 3 4 |  4.4
Fighting       | 4 5 |  5.7
Polearms       | |  0.4

Action                   |  1- 3 |  4- 6 |  7- 9 || total
-------------------------+-------+-------+-------++-------
Melee: Falchion          |    99 |   109 |   145 ||   353
       Punch             |     2 |     2 |     6 ||    10
       Headbutt          |    10 |    14 |    52 ||    76
       Touch             |       |    24 |    44 ||    68
       Whip              |       |       |    75 ||    75
       Kick              |       |       |    22 ||    22
Invok: Banish            |       |       |     3 ||     3
  Use: Potion            |     1 |       |     2 ||     3
       Scroll            |       |       |     7 ||     7
 Stab: Sleeping          |       |       |     1 ||     1
       Distracted        |       |       |     1 ||     1
Armor: Ring mail         |    76 |       |       ||    76
       Leather armour    |     2 |       |       ||     2
       Troll leather arm |       |    11 |    32 ||    43
Dodge: Dodged            |    85 |    58 |   169 ||   312
Block: Other             |       |    24 |    54 ||    78
       Reflection        |       |     1 |     2 ||     3
